 Dungeon Crawl Stone Soup version 0.29.1-15-g9cfb28693d (webtiles) character file.

Game seed: 12150554766123589815

6733 BuddhaDhamma the Severer (level 10, -15/77 HPs)
             Began as a Minotaur Berserker on Mar 10, 2023.
             Was a High Priest of Trog.
             Shot with an arrow by a centaur warrior (18 damage)
             ... on level 9 of the Dungeon.
             The game lasted 00:15:07 (6742 turns).

BuddhaDhamma the Severer (Minotaur Berserker)       Turns: 6742, Time: 00:15:08

Health: -15/77     AC: 14    Str: 26    XL:     10   Next: 75%
Magic:  9/9        EV: 11    Int:  4    God:    Trog [*****.]
Gold:   441        SH:  0    Dex: 10    Spells: 9/9 levels left

rFire   . . .      SeeInvis .   B - +1 battleaxe
rCold   . . .      Faith    .   (shield currently unavailable)
rNeg    . . .      Spirit   .   i - +0 plate armour
rPois   .          Reflect  .   (helmet restricted)
rElec   .          Harm     .   x - +0 cloak
rCorr   .          Rampage  .   (no gloves)
Will    .....                   n - +1 pair of boots
Stlth   ..........              c - amulet of regeneration
HPRegen 1.02/turn               u - +4 ring of evasion
MPRegen 0.11/turn               (no ring)

@: on berserk cooldown, slowed, studying Stealth, very slow
A: horns 2, retaliatory headbutt
a: Renounce Religion, Berserk, Trog's Hand, Brothers in Arms


You were on level 9 of the Dungeon.
You worshipped Trog.
Trog was extremely pleased with you.
You visited 1 branch of the dungeon, and saw 9 of its levels.
You also visited: Ossuary.

You collected 537 gold pieces.
You spent 96 gold pieces at shops.

Inventory:

Hand Weapons
 B - a +1 battleaxe (weapon)
Missiles
 j - 6 silver boomerangs (quivered)
Armour
 i - a +0 plate armour (worn)
 n - a +1 pair of boots (worn)
 x - a +0 cloak (worn)
Jewellery
 c - an amulet of regeneration (around neck)
 g - a ring of magical power
 m - a ring of fire
 u - a +4 ring of evasion (left hand)
Wands
 f - a wand of light (11)
 z - a wand of flame (6)
Scrolls
 a - a scroll of magic mapping
 h - 2 scrolls of poison
 l - 2 scrolls of identify
 t - 4 scrolls of teleportation
 y - a scroll of blinking
Potions
 b - 7 potions of haste
 d - 2 potions of brilliance
 e - 3 potions of berserk rage
 k - 3 potions of heal wounds
 p - 4 potions of might
 q - a potion of invisibility
 r - 4 potions of curing
 s - 2 potions of degeneration
 v - 2 potions of lignification
 w - 3 potions of attraction
 A - a potion of mutation


   Skills:
 - Level 3.6 Fighting
 + Level 19.2 Axes
 - Level 2.4 Armour
 - Level 2.1 Dodging


You had 9 spell levels left.
You didn't know any spells.
Your spell library was empty.

Dungeon Overview and Level Annotations

Branches:
Dungeon (9/15)             Temple (0/1) D:5         Ossuary (visited)
   Lair: D:8-11         Orc: D:9-12

Altars:
Dithmenos
Fedhas
Makhleb
Ru
Trog
Vehumet
Wu Jian
The Shining One

Shops:
D:2 (   D:4 =   D:6 [[


Innate Abilities, Weirdness & Mutations

You have a pair of horns on your head.
You reflexively headbutt those who attack you in melee.


Message History

You slice the hornet!! Your headbutt misses the hornet.
The hornet is heavily wounded.
You slice the troll!!
You kill the troll!
Trog accepts your kill.
You feel yourself speed up.
The hornet stings you but does no damage.
Your Axes skill increases to level 19!
The centaur warrior wields a +0 longbow.
The centaur warrior shoots an arrow.
The arrow hits you!! The hornet stings you.
You feel yourself slow down.
You feel a strong urge to attack something.
The hornet stings you!
You feel as though you will be slow longer.
The centaur warrior shoots an arrow.
The arrow hits you!! The hornet barely misses you.
You barely miss the hornet.
The hornet is heavily wounded.
The centaur warrior shoots an arrow.
The arrow hits you! The hornet closely misses you.
You closely miss the hornet.
The hornet is heavily wounded.
The centaur warrior shoots an arrow.
The arrow completely misses you. The hornet barely misses you.
The centaur warrior shoots an arrow.
The arrow hits you but does no damage.
You slice the hornet!!
You kill the hornet!
Trog accepts your kill.
The centaur warrior shoots an arrow.
The arrow hits you!
The centaur warrior shoots an arrow.
The arrow hits you!
* * * LOW HITPOINT WARNING * * *
You see here a water moccasin corpse.
You feel a strong urge to attack something.
You feel yourself speed up.
You are no longer berserk.
You are exhausted.
You feel yourself slow down.
The centaur warrior shoots an arrow.
The arrow hits you!
* * * LOW HITPOINT WARNING * * *
The centaur warrior shoots an arrow.
The arrow hits you!!
You die...

#..#####..#......###
#..#......##.......###
#..#... ...#........'.
#..#..# ##.+........#
#..#..# ###.......##
#).#..# ###......#
#..#..#..) ##.....#
#).#.†#o.# #.....#
#..#.@#T.# ##.....
#..#..#S.# #.....
#..#.c#..# #.....
#..#..#..##### ##....
#.....#.....g. #....
#.....'..y..H. #....
############## ###.###
#######...# #
#.......###


You could see a centaur warrior.

Vanquished Creatures
  A boulder beetle (D:9)
  A two-headed ogre (D:9)
  A deep elf pyromancer (D:9)
  Pikel (D:5)
  Maggie (D:7)
  A troll (D:9)
  A hornet (D:9)
  2 wyverns
  A steam dragon (D:9)
  4 water moccasins
  An ice beast (D:6)
  2 black bears
  3 orc warriors
  A sky beast (D:7)
  An ogre (D:4)
  2 lemures (D:5)
  4 centaurs
  3 phantoms
  A bullfrog (D:9)
  A kobold brigand (D:7)
  2 necrophages
  4 scorpions
  3 water moccasin zombies (Ossuary)
  5 wights (D:7)
  5 howler monkeys
  2 hounds
  5 jellies
  4 orc priests
  2 iguanas (D:4)
  4 orc wizards
  Natasha (thrice) (D:3)
  2 mummies (Ossuary)
  6 adders
  3 white imps
  2 ufetubi
  6 adder zombies (Ossuary)
  A worm (D:2)
  4 dart slugs
  28 orcs
  7 endoplasms
  7 gnoll zombies (Ossuary)
  6 goblins
  7 hobgoblins
  3 jackals
  2 quokkas
  A ball python (D:6)
  2 bats
  3 frilled lizards
  5 hobgoblin zombies (Ossuary)
  12 kobolds
  11 kobold zombies (Ossuary)
  4 orc zombies (Ossuary)
  3 rats
  A bush (D:4)
198 creatures vanquished.

Notes
Turn   | Place    | Note
-------+----------+-------------------------------------------
     0 | D:1      | BuddhaDhamma the Minotaur Berserker began the quest for the
                  | Orb.
     0 | D:1      | Reached XP level 1. HP: 19/19 MP: 0/0
   120 | D:1      | Reached skill level 4 in Axes
   427 | D:1      | Reached XP level 2. HP: 26/26 MP: 1/1
  1377 | D:2      | Reached skill level 5 in Axes
  1526 | D:2      | Reached XP level 3. HP: 31/31 MP: 2/2
  1611 | D:2      | Reached ** piety under Trog
  1763 | D:2      | Found Siceovob's Weapon Boutique.
  1772 | D:2      | Bought a +0 vorpal broad axe for 96 gold pieces
  1812 | D:2      | Reached skill level 6 in Axes
  1812 | D:2      | Reached XP level 4. HP: 39/39 MP: 3/3
  1814 | D:2      | Found a faded altar of an unknown god.
  1814 | D:2      | Found a faded altar of an unknown god.
  2165 | D:3      | Found a glowing golden altar of the Shining One.
  2405 | D:3      | Noticed Natasha
  2410 | D:3      | Killed Natasha
  2427 | D:3      | Noticed Natasha
  2431 | D:3      | Killed Natasha
  2662 | D:3      | Noticed Natasha
  2668 | D:3      | Killed Natasha
  2669 | D:3      | Reached skill level 7 in Axes
  2669 | D:3      | Reached XP level 5. HP: 42/45 MP: 4/4
  2780 | D:4      | Found Ohypis's Jewellery Boutique.
  2848 | D:4      | Found a burning altar of Makhleb.
  2853 | D:4      | Found an ornate altar of the Wu Jian Council.
  2859 | D:4      | Found a shadowy altar of Dithmenos.
  3084 | D:4      | Noticed an ogre
  3090 | D:4      | Reached skill level 8 in Axes
  3096 | D:4      | Killed an ogre
  3097 | D:4      | Reached XP level 6. HP: 48/51 MP: 5/5
  3182 | D:4      | Found a sand-covered staircase.
  3194 | Ossuary  | Entered an ossuary
  3244 | Ossuary  | Reached *** piety under Trog
  3246 | Ossuary  | Reached skill level 9 in Axes
  3321 | Ossuary  | Reached XP level 7. HP: 57/57 MP: 6/6
  3470 | D:4      | Reached skill level 10 in Axes
  3605 | D:5      | Entered Level 5 of the Dungeon
  3674 | D:5      | Found a staircase to the Ecumenical Temple.
  3699 | D:5      | Reached skill level 11 in Axes
  3787 | D:5      | Noticed Pikel
  3805 | D:5      | Killed Pikel
  3806 | D:5      | Reached skill level 12 in Axes
  3806 | D:5      | Reached XP level 8. HP: 64/64 MP: 7/7
  3870 | D:5      | Reached skill level 13 in Axes
  3899 | D:5      | Reached **** piety under Trog
  4499 | D:5      | Reached skill level 14 in Axes
  4590 | D:6      | Found Sokasic's Armour Boutique.
  4604 | D:6      | Reached XP level 9. HP: 70/70 MP: 8/8
  4623 | D:6      | Found a sacrificial altar of Ru.
  4745 | D:6      | Found a blossoming altar of Fedhas.
  4869 | D:6      | Found Ybron's Antique Armour Shoppe.
  5019 | D:7      | Reached skill level 15 in Axes
  5108 | D:7      | Found a radiant altar of Vehumet.
  5430 | D:7      | Reached skill level 16 in Axes
  5522 | D:7      | Reached ***** piety under Trog
  5539 | D:7      | Noticed Maggie
  5549 | D:7      | Killed Maggie
  5663 | D:7      | Found a bloodstained altar of Trog.
  6203 | D:8      | Reached skill level 17 in Axes
  6203 | D:8      | Reached XP level 10. HP: 77/77 MP: 9/9
  6421 | D:9      | Noticed a boulder beetle
  6450 | D:9      | Noticed a two-headed ogre
  6469 | D:9      | Killed a two-headed ogre
  6472 | D:9      | Killed a boulder beetle
  6473 | D:9      | Reached skill level 18 in Axes
  6671 | D:9      | Noticed a deep elf pyromancer
  6676 | D:9      | Killed a deep elf pyromancer
  6693 | D:9      | Noticed a manticore
  6731 | D:9      | Noticed a centaur warrior
  6736 | D:9      | Reached skill level 19 in Axes
  6742 | D:9      | HP: 3/77 [centaur warrior/arrow (16)]
  6742 | D:9      | Shot with an arrow by a centaur warrior

Illustrated notes

Levels and vault maps discovered:
D:1:      dpeg_arrival_simpleton_c, layout_loops_corners, serial_bayou_lagoon_a
D:2:      minmay_spotlight, layout_loops_ring,
          hellmonk_ecumenical_altar_the_god_not_taken, serial_shops, shop,
          grunt_decor_clamped
D:3:      layout_loops_ring, mainiacjoe_overflow_small_starburst, uniq_natasha
D:4:      layout_rooms, gammafunk_temple_overflow_forgotten,
          nicolae_ossuary_entry_monument, serial_shops, shop, minmay_pentangle
D:5:      layout_basic, minmay_temple_entry_trees, uniq_pikel
D:6:      layout_rooms, nicolae_ru_great_annihilating_truth, fedhas_altar_2,
          serial_shops, nicolae_square_shop, shop
D:7:      layout_loops_ring, mainiacjoe_overflow_chevrons,
          nicolae_vehumet_altar_sigil, uniq_maggie
D:8:      layout_basic
D:9:      minmay_quarter_circles, layout_basic, erik_orc_1

Skill      XL: |  1  2  3  4  5  6  7  8  9 10 |
---------------+-------------------------------+-----
Axes           | 4 5 6 7 8 9 12 14 17 19 | 19.2
Fighting       | |  3.6
Armour         | |  2.4
Dodging        | |  2.1

Action                   |  1- 3 |  4- 6 |  7- 9 | 10-12 || total
-------------------------+-------+-------+-------+-------++-------
Melee: Hand axe          |    60 |       |       |       ||    60
       Headbutt          |    10 |    32 |    42 |    10 ||    94
       Punch             |     1 |     2 |     2 |       ||     5
       Broad axe         |     6 |   140 |   237 |    29 ||   412
       Battleaxe         |       |       |       |    17 ||    17
Throw: Boomerang         |       |       |    24 |     3 ||    27
Invok: Berserk           |       |       |     2 |     3 ||     5
  Use: Scroll            |       |     9 |    14 |     1 ||    24
 Stab: Paralysed         |       |       |     1 |       ||     1
Armor: Animal skin       |     3 |       |       |       ||     3
       Ring mail         |    12 |       |       |       ||    12
       Plate armour      |    13 |    46 |   136 |    28 ||   223
Dodge: Dodged            |    25 |    35 |    78 |    31 ||   169
